 Dungeon Crawl Stone Soup version 0.28-a0-233-gb8ca4b6547 (webtiles) character file.

Game seed: 18153575608367642901

95 timneilson the Shield-Bearer (level 4, -1/29 HPs)
             Began as a Gargoyle Fighter on Aug 22, 2021.
             Slain by Sigmund (7 damage)
             ... on level 2 of the Dungeon.
             The game lasted 00:02:19 (1354 turns).

timneilson the Shield-Bearer (Gargoyle Fighter)     Turns: 1354, Time: 00:02:19

Health: -1/29      AC: 18    Str: 21    XL:     4   Next: 66%
Magic:  4/4        EV:  5    Int:  8    God:
Gold:   21         SH:  0    Dex:  9    Spells: 3/3 levels left

rFire   + . .      SeeInvis .   a - +0 long sword
rCold   . . .      Faith    .   c - +0 kite shield
rNeg    + . .      Spirit   .   l - +0 chain mail {rF+}
rPois   ∞          Reflect  .   (no helmet)
rElec   +          Harm     .   (no cloak)
rCorr   .          Rampage  .   f - +0 pair of gloves
Will    .....                   (no boots)
Stlth   ..........              (no amulet)
HPRegen 0.09/turn               e - +4 ring of protection
MPRegen 0.09/turn               (no ring)

@: confused, mighty, hasted, very quick
A: sickness immunity, AC +3, negative energy resistance 1, electricity
resistance, torment resistance 1, petrification resistance
a: no special abilities


You were on level 2 of the Dungeon.
You visited 1 branch of the dungeon, and saw 2 of its levels.

You collected 21 gold pieces.

Inventory:

Hand Weapons
 a - a +0 long sword (weapon)
Armour
 c - a +0 kite shield (worn)
 f - a +0 pair of gloves (worn)
 j - a +0 plate armour
 l - a +0 chain mail of fire resistance (worn)
Jewellery
 e - a +4 ring of protection (left hand)
Scrolls
 i - a scroll of teleportation {unknown}
Potions
 g - a potion of ambrosia
 k - a potion of curing {unknown}


   Skills:
 + Level 3.8 Fighting
 * Level 2.5 Long Blades
 * Level 4.1 Armour
 * Level 4.1 Shields


You had 3 spell levels left.
You didn't know any spells.
Your spell library contained the following spells:

 Spells                   Type           Power      Damage    Failure   Level
 Sandblast                Erth           0%         2d4       100%        1
 Passwall                 Tmut/Erth      0%         N/A       100%        2
 Lee's Rapid Deconstruct  Erth           0%         3d5*      100%        5


Dungeon Overview and Level Annotations

Branches:
Dungeon (2/15)

Altars:

Annotations:
D:2 Robin, Sigmund


Innate Abilities, Weirdness & Mutations

You are immune to sickness and miasma.
Your stone body is resilient. (AC +3)
You are immune to poison.
You resist negative energy. (rN+)
You are resistant to electric shocks. (rElec)
You are resistant to unholy torment.
You are immune to petrification.


Message History

Something hits you but does no damage.
The hobgoblin hits you but does no damage.
The hobgoblin hits you.
* * * LOW HITPOINT WARNING * * *
Robin closely misses you.
You slash something!
The hobgoblin no longer looks unusually strong. x2
The hobgoblin hits you but does no damage. x2
Something hits you but does no damage. You block Robin's attack.
The hobgoblin hits you but does no damage.
Unknown command.
You closely miss something. You block the hobgoblin's attack.
You block Robin's attack. Something hits you but does no damage.
You block the hobgoblin's attack. The hobgoblin barely misses you.
You riposte.
You completely miss the hobgoblin. Robin hits you but does no damage.
Unknown command.
It was a potion of haste.
You feel yourself speed up. You block the hobgoblin's attack.
The hobgoblin hits you but does no damage.
You hear some strange, mumbled words.
You are confused.
Robin roars a battlecry!
The hobgoblins go into a battle-frenzy!
You miss something.
The hobgoblin hits you but does no damage.
The hobgoblin closely misses you.
Unknown command.
You bump into the rock wall.
Robin hits you but does no damage. Something hits you.
* * * LOW HITPOINT WARNING * * *
Unknown command.
You bump into the rock wall.
The hobgoblin barely misses you. The hobgoblin hits you.
* * * LOW HITPOINT WARNING * * *
Robin barely misses you.
Unknown command.
You barely miss something.
The hobgoblin hits you but does no damage.
Something hits you!
You die...

.... #..#.##.#
###########.#.##.#
...............#.#
###.....###....###
#.....# ##...# #.....#
#...# # #.....#
##..####.#
#.....#####..)g{..##.#
#...).......>g@gg.....
#.....##......######.#
#####.##.#.##.#
#.##.#. #.# #.##.#.
..# #.##.##########
#.##...........
#........#####
#########.#<#


You could see Robin and 3 hobgoblins.

Vanquished Creatures
  Terence (D:2)
  2 adders (D:2)
  2 dart slugs (D:2)
  3 ball pythons
  2 endoplasms (D:1)
  4 giant cockroaches
  6 goblins (D:2)
  8 hobgoblins
  4 jackals (D:2)
  4 kobolds
  A quokka (D:2)
  2 bats
  2 frilled lizards (D:1)
  A rat (D:1)
42 creatures vanquished.

Notes
Turn   | Place    | Note
-------+----------+-------------------------------------------
     0 | D:1      | timneilson the Gargoyle Fighter began the quest for the
                  | Orb.
     0 | D:1      | Reached XP level 1. HP: 14/14 MP: 1/1
   291 | D:1      | Reached XP level 2. HP: 17/19 MP: 2/2
   430 | D:1      | Found a faded altar of an unknown god.
   932 | D:2      | Reached XP level 3. HP: 23/23 MP: 3/3
  1087 | D:2      | Reached XP level 4. HP: 28/28 MP: 4/4
  1191 | D:2      | Noticed Terence
  1202 | D:2      | Killed Terence
  1328 | D:2      | Noticed Sigmund
  1328 | D:2      | Noticed Robin
  1354 | D:2      | Slain by Sigmund

Illustrated notes

Levels and vault maps discovered:
D:1:      giann_horns, layout_basic, dilly_ecumenical_altar_fadedgnrine
D:2:      layout_basic, serial_shops, nicolae_lakefront_shop,
          serial_corexii_hall, corexii_hall_statues_i, corexii_hall_statues_s,
          corexii_hall_statues_s, minmay_tall_x, uniq_robin, uniq_terence,
          uniq_sigmund

Skill      XL: |  1  2  3  4 |
---------------+-------------+-----
Long Blades    | 2 |  2.5
Shields        | 4 |  4.1
Armour         | 4 |  4.1
Fighting       | |  3.8

Action                   |  1- 3 |  4- 6 || total
-------------------------+-------+-------++-------
Melee: Long sword        |    72 |    30 ||   102
  Use: Scroll            |     2 |       ||     2
       Potion            |       |     2 ||     2
Armor: Scale mail        |    35 |     5 ||    40
       Chain mail        |       |    51 ||    51
Dodge: Dodged            |    39 |    19 ||    58
Block: Kite shield       |    27 |    24 ||    51
       Rpst.: Long sword |    15 |     4 ||    19

Table legend: (Time is in decaauts)
 A = Elapsed time spent in this place.
 B = Non-inter-level travel time spent in this place.
 C = Inter-level travel time spent in this place.
 D = Time resting spent in this place.
 E = Time spent auto-exploring this place.
 F = Levels seen in this place.
 G = Mean time per level.
                   A        B        C        D        E       F      G
               +--------+--------+--------+--------+--------+-----+--------+
         Total |   1404 |   1327 |     77 |      0 |   1032 |   2 |  702.0 |
       Dungeon |   1404 |   1327 |     77 |      0 |   1032 |   2 |  702.0 |
               +--------+--------+--------+--------+--------+-----+--------+

Top non-repeatable levels by time:
     D:1: 834 daAuts
     D:2: 569 daAuts
